Map: Newkirk Precinct TE (Void)

Players

Dana - Winner!

  • Race: Zerg Zerg
  • Spawn Location: 5:00

DnS

  • Race: Protoss Protoss
  • Spawn Location: 7:00

Event: IEM XI Katowice - World Championship 2017

VOD

Have the link to the VOD?

Description

Time

  • Played on: Feb. 27, 2017, 4:07 a.m.
  • Length: 10:29

All games in this series

Show
View Real Time Build Order
Export as new Build Order

Dana Zerg - Winner!

Build Orders: Hatch First 

Get SALT Encoding   

  12  0:00  Drone  
  13  0:13  Overlord  
  13  0:18  Drone  
  14  0:31  Drone x2  
  14  0:35  Drone  
  17  0:53  Hatchery  
  17  0:56  Drone  
  17  0:59  Drone  
  18  1:10  Extractor  
  17  1:14  Spawning Pool  
  17  1:17  Drone  
  17  1:21  Drone  
  18  1:28  Drone  
  19  1:39  Drone  
  20  1:51  Hatchery  
  20  1:52  Drone  
  20  2:00  Queen  
  22  2:05  Zergling x2  
  22  2:07  Drone  
  24  2:11  Drone  
  25  2:18  Metabolic Boost  
  25  2:23  Overlord  
  25  2:26  Drone  
  25  2:29  Drone  
  27  2:33  Drone  
  28  2:41  Queen  
  28  2:42  Drone  
  31  2:45  Drone  
  31  2:48  Drone  
  33  2:55  Zergling x2  
  34  3:02  Zergling x2  
  35  3:05  Zergling x2  
  35  3:07  Drone  
  35  3:08  Drone x3  
  35  3:10  Overlord  
  40  3:14  Drone  
  41  3:20  Spore Crawler, Drone x2  
  42  3:28  Overlord  
  42  3:29  Drone  
  42  3:30  Queen  
  45  3:34  Overlord  
  45  3:37  Drone  
  45  3:40  Drone x2  
  47  3:44  Overlord  
  47  3:46  Roach Warren, Drone  
  47  3:48  Drone  
  47  3:50  Drone  
  47  3:52  Drone  
  49  3:56  Drone  
  49  3:57  Drone  
  49  4:02  Lair  
  51  4:04  Drone x2  
  51  4:05  Extractor  
  52  4:11  Zergling x8  
  52  4:12  Drone  
  57  4:21  Spore Crawler  
  57  4:23  Extractor  
  51  4:29  Roach x3  
  55  4:34  Drone x2  
  55  4:35  Drone x2  
  55  4:36  Drone  
  55  4:37  Drone x2  
  62  4:39  Spore Crawler, Drone  
  62  4:40  Drone  
  62  4:41  Spore Crawler  
  62  4:46  Drone  
  62  4:47  Drone x2  
  62  4:49  Drone  
  62  4:50  Drone  
  62  4:52  Drone  
  68  4:53  Extractor  
  68  4:56  Drone  
  68  4:58  Drone  
  69  5:00  Drone  
  69  5:02  Drone  
  69  5:03  Drone  
  69  5:04  Drone  
  69  5:06  Drone  
  73  5:11  Drone x2, Extractor, Hydralisk Den  
  73  5:12  Extractor, Drone  
  73  5:14  Drone  
  73  5:20  Overlord  
  73  5:21  Overlord  
  74  5:24  Overlord  
  74  5:29  Overlord  
  74  5:37  Overlord  
  74  5:40  Hydralisk x3  
  74  5:41  Hydralisk, Muscular Augments  
  82  5:46  Hydralisk  
  82  5:48  Overlord  
  84  5:50  Drone x2  
  84  5:51  Extractor  
  84  5:52  Hydralisk x2, Drone x2  
  88  5:57  Drone x3  
  88  5:58  Hydralisk  
  88  6:02  Hydralisk  
  95  6:07  Hydralisk  
  95  6:10  Hydralisk  
  99  6:14  Hydralisk  
  99  6:18  Hydralisk, Overlord  
  101  6:24  Overlord  
  103  6:28  Hydralisk  
  103  6:29  Hydralisk x2  
  108  6:37  Hydralisk x2, Overlord  
  108  6:38  Hydralisk  
  108  6:39  Overlord  
  113  6:42  Hydralisk  
  113  6:44  Hydralisk  
  117  6:50  Hydralisk  
  117  6:52  Hydralisk  
  117  6:54  Overlord  
  121  6:55  Zergling x2  
  121  6:56  Zergling x6  
  121  6:57  Zergling x2  
  121  7:00  Zergling x4  
  128  7:07  Zergling x6  
  131  7:10  Overlord  
  131  7:13  Zergling x4  
  131  7:14  Overlord  
  133  7:16  Overlord  
  133  7:18  Zergling x8  
  133  7:22  Zergling x6  
  136  7:31  Hydralisk x3  
  138  7:38  Zergling x6  
  138  7:42  Ravager x3  
  138  7:43  Hydralisk x4  
  152  7:45  Zergling x4  
  152  7:48  Zergling x4  
  154  8:01  Zergling x2  
  154  8:04  Zergling x2  
  154  8:05  Zergling x2  
  156  8:12  Hydralisk x7  
  166  8:22  Zergling x8  
  169  8:29  Hydralisk  
  169  8:36  Overlord  
  169  8:37  Zergling x4  
  169  8:40  Zergling x6  
  164  8:41  Zergling x6  
  157  8:48  Hydralisk x3  
  157  8:49  Hydralisk x2  
  157  8:50  Overlord x2  
  164  8:58  Zergling x2  
  160  9:04  Overseer  
  160  9:09  Hydralisk x2  
  156  9:10  Hydralisk, Zergling x6  
  156  9:12  Zergling x2  
  156  9:13  Zergling x2  
  156  9:16  Hydralisk x3  
  122  9:17  Zergling x2  
  120  9:24  Roach  
  120  9:26  Roach  
  120  9:27  Roach  
  116  9:36  Hydralisk, Roach  
  116  9:37  Hydralisk, Zergling x4  
  116  9:38  Zergling x2  
  120  9:42  Zergling x4  
  120  9:45  Hydralisk x2  
  101  9:51  Hydralisk x2  
  91  9:56  Hydralisk x2  
  91  9:57  Hydralisk  
  96  10:01  Hydralisk x2  
  96  10:04  Hydralisk  
  99  10:11  Zergling x6  
Show
View Real Time Build Order
Export as new Build Order

DnS Protoss 

Build Orders: 1 Gate Expand, Oracle Opening 

Get SALT Encoding   

  12  0:01  Probe (Chrono Boost)  
  13  0:11  Probe (Chrono Boost)  
  14  0:20  Pylon  
  14  0:22  Probe (Chrono Boost)  
  15  0:38  Probe (Chrono Boost)  
  15  0:39  Gateway  
  16  0:48  Assimilator, Probe (Chrono Boost)  
  17  0:59  Probe (Chrono Boost)  
  18  1:09  Probe (Chrono Boost)  
  19  1:22  Nexus  
  19  1:25  Probe (Chrono Boost)  
  20  1:35  Cybernetics Core  
  20  1:38  Probe (Chrono Boost)  
  21  1:44  Assimilator  
  21  1:48  Probe (Chrono Boost)  
  21  1:53  Pylon  
  22  1:59  Probe (Chrono Boost)  
  23  2:07  Adept  
  23  2:11  Warp Gate  
  23  2:12  Probe (Chrono Boost)  
  26  2:24  Probe (Chrono Boost)  
  27  2:35  Stargate, Probe (Chrono Boost)  
  27  2:36  Probe (Chrono Boost)  
  29  2:39  Adept  
  31  2:45  Probe (Chrono Boost)  
  31  2:46  Probe (Chrono Boost)  
  33  2:56  Probe (Chrono Boost)  
  33  2:57  Probe (Chrono Boost)  
  35  3:06  Adept  
  35  3:07  Probe (Chrono Boost)  
  38  3:15  Gateway  
  38  3:18  Oracle  
  38  3:19  Probe (Chrono Boost)  
  37  3:22  Probe (Chrono Boost)  
  40  3:27  Gateway  
  40  3:31  Probe (Chrono Boost)  
  40  3:33  Probe (Chrono Boost)  
  40  3:40  Pylon  
  40  3:43  Probe x2 (Chrono Boost)  
  42  3:51  Pylon  
  42  3:53  Oracle  
  42  3:54  Probe (Chrono Boost)  
  42  3:55  Probe (Chrono Boost)  
  47  4:04  Probe (Chrono Boost)  
  47  4:07  Probe (Chrono Boost)  
  49  4:14  Adept x2  
  49  4:15  Probe (Chrono Boost)  
  54  4:19  Probe (Chrono Boost)  
  55  4:26  Probe (Chrono Boost)  
  56  4:33  Probe (Chrono Boost)  
  56  4:34  Nexus  
  56  4:35  Pylon  
  56  4:37  Mothership Core (Chrono Boost)  
  55  4:41  Phoenix  
  58  4:45  Adept, Probe (Chrono Boost)  
  58  4:49  Pylon  
  60  4:53  Pylon  
  60  4:55  Probe (Chrono Boost)  
  60  4:59  Adept  
  62  5:05  Probe (Chrono Boost)  
  62  5:06  Pylon  
  63  5:08  Assimilator  
  63  5:09  Assimilator  
  63  5:12  Probe (Chrono Boost)  
  64  5:17  Probe (Chrono Boost)  
  64  5:19  Pylon  
  65  5:25  Pylon  
  69  5:30  Probe x2 (Chrono Boost)  
  71  5:40  Robotics Facility  
  71  5:41  Probe (Chrono Boost)  
  69  5:42  Probe (Chrono Boost)  
  69  5:47  Sentry x3, Forge  
  69  5:49  Probe (Chrono Boost)  
  76  5:52  Probe (Chrono Boost)  
  76  5:55  Probe (Chrono Boost)  
  78  5:59  Probe (Chrono Boost)  
  78  6:02  Probe (Chrono Boost)  
  80  6:06  Pylon, Protoss Ground Weapons Level 1, Probe (Chrono Boost)  
  80  6:09  Twilight Council  
  80  6:10  Probe (Chrono Boost)  
  82  6:13  Probe (Chrono Boost)  
  82  6:18  Assimilator, Probe (Chrono Boost)  
  84  6:19  Assimilator  
  84  6:21  Probe (Chrono Boost)  
  84  6:22  Warp Prism  
  84  6:23  Probe (Chrono Boost)  
  86  6:30  Probe (Chrono Boost)  
  90  6:33  Probe (Chrono Boost)  
  90  6:34  Probe (Chrono Boost)  
  90  6:37  Gateway x2  
  90  6:39  Gateway  
  91  6:41  Charge  
  91  6:42  Probe (Chrono Boost)  
  91  6:43  Gateway  
  91  6:45  Probe (Chrono Boost)  
  91  6:46  Gateway  
  93  6:47  Gateway  
  94  7:03  Zealot x2  
  94  7:04  Zealot  
  94  7:05  Templar Archives  
  94  7:07  Photon Cannon  
  100  7:14  Pylon  
  100  7:15  Photon Cannon  
  93  7:19  Probe x3 (Chrono Boost)  
  93  7:21  Photon Cannon  
  93  7:22  Immortal  
  101  7:31  Zealot, Probe (Chrono Boost)  
  101  7:35  Zealot x2  
  107  7:38  Pylon  
  107  7:42  Zealot x2  
  111  7:44  Pylon  
  111  7:45  Zealot  
  111  7:50  Pylon  
  113  7:51  Pylon  
  113  7:56  Zealot x2  
  115  8:00  High Templar x2  
  115  8:01  Immortal  
  115  8:04  Archon  
  115  8:05  High Templar x2  
  122  8:09  Archon  
  122  8:10  High Templar x2  
  120  8:13  Pylon  
  120  8:14  Archon  
  120  8:17  Pylon  
  110  8:22  Zealot x2  
  113  8:32  Zealot  
  106  8:35  Immortal  
  106  8:37  Zealot  
  106  8:44  High Templar x2  
  106  8:48  High Templar x2  
  113  8:49  Archon  
  113  8:52  Archon  
  113  8:58  Zealot  
  113  9:02  Zealot  
  116  9:04  Archon x2  
  116  9:05  Zealot  
  113  9:16  Zealot  
  79  9:25  Sentry x2  
  79  9:28  Zealot  
  62  9:52  Sentry  

Tags
 
Add a new tag
Caveats
  • Supply blocks, unpowered buildings, or Contaminate may cause inaccurate times.
  • Supply counts are checked every 10 seconds.